 Dungeon Crawl Stone Soup version 0.23-a0-517-gb7c078159a (webtiles) character file.

3339 Rrauwl the Carver (level 10, 0/71 HPs)
             Began as a Barachi Fighter on Dec 6, 2018.
             Was a Priest of Okawaru.
             Killed from afar by Maurice (19 damage)
             ... with a wand of acid (4)
             ... on level 8 of the Dungeon.
             The game lasted 00:21:22 (8043 turns).

Rrauwl the Carver (Barachi Fighter)                 Turns: 8043, Time: 00:21:22

Health: 0/71       AC: 12    Str: 20 (21) XL:     10   Next: 2%
Magic:  0/13       EV: 10    Int:  8      God:    Okawaru [***...]
Gold:   513        SH: 12    Dex: 17      Spells: 9/9 levels left

rFire    . . .     SeeInvis .   a - +1 long sword
rCold    + . .     Gourm    .   k - +0 shield
rNeg     . . .     Faith    .   y - +0 plate armour
rPois    .         Spirit   +   j - +1 helmet
rElec    .         Reflect  .   (no cloak)
rCorr    .         Harm     .   z - +0 pair of gloves
MR       .....                  (no boots)
Stlth    ..........             g - amulet of guardian spirit
HPRegen  0.21/turn              m - ring of protection from cold
MPRegen  0.13/turn              (no ring)

@: agile, corroded, hasted, quick
A: +LOS, swims, blink, shaggy fur 1, slowness 1, strong legs 1
a: Hop, Blink, Heroism, Renounce Religion


You were on level 8 of the Dungeon.
You worshipped Okawaru.
Okawaru was most pleased with you.
You were not hungry.

You visited 2 branches of the dungeon, and saw 9 of its levels.
You also visited: Ossuary.

You collected 513 gold pieces.

Inventory:

Hand Weapons
 a - a +1 long sword (weapon)
 c - a +0 short sword of draining
Missiles
 n - a javelin (quivered)
 s - a throwing net
Armour
 j - a +1 helmet (worn)
 k - a +0 shield (worn)
 y - a +0 plate armour (worn)
 z - a +0 pair of gloves (worn)
Jewellery
 g - an amulet of guardian spirit (around neck)
 m - a ring of protection from cold (left hand)
Wands
 d - a wand of enslavement (8)
 t - a wand of disintegration (7)
 x - a wand of iceblast (3)
Scrolls
 f - 7 scrolls of teleportation
 h - 3 scrolls of remove curse
 i - 4 scrolls of identify
 l - a scroll of enchant armour
 q - a scroll of immolation
Potions
 p - a potion of mutation
 r - a potion of curing
 w - 2 potions of brilliance
Comestibles
 b - a chunk of flesh
 e - 9 rations


   Skills:
 - Level 4.0 Fighting
 + Level 10.7 Long Blades
 - Level 4.0 Armour
 + Level 10.1 Shields
 + Level 3.4 Invocations
 - Level 4.0 Evocations


You had 9 spell levels left.
You didn't know any spells.
Your spell library was empty.

Dungeon Overview and Level Annotations

Branches:
Dungeon (8/15)             Temple (1/1) D:7
   Lair: D:8-11

Altars:
Ashenzari
Cheibriados
Dithmenos
Elyvilon
Fedhas
Gozag
Hepliaklqana
Kikubaaqudgha
Makhleb
Nemelex Xobeh
Okawaru
Qazlal
Ru
Sif Muna
Trog
Uskayaw
Vehumet
Wu Jian
Xom
Yredelemnul
Zin
The Shining One

Annotations:
D:5 3 runed doors, Shaidar's ghost, novice DECj
D:8 Maurice


Innate Abilities, Weirdness & Mutations

Shadows flee at your approach. (+LOS)
You can swim through water.
You cover ground slowly.
You can hop short distances.
You can translocate small distances at will.
You are covered in fur. (AC +1)


Message History

You feel yourself speed up.
You hear a zap.
A bolt of acid appears from out of thin air!
The bolt of acid hits you!
* * * LOW HITPOINT WARNING * * *
The acid corrodes you!
You are splashed with acid!
The acid burns!
* * * LOW HITPOINT WARNING * * *
You don't have enough magic at the moment.
You feel better. Something hits you but does no damage.
Your plate armour prevents you from hitting something.
Something hits you but does no damage.
You barely miss something. You miss something.
Something hits you but does no damage.
You slash something! You completely miss something.
You hear a zap.
A bolt of acid appears from out of thin air!
The bolt of acid hits you!
You die...

... ... l. ... .. ... ..
... .# ... .# .# .......
################.###.....g.
..........@{....(..........
#############....###.......
##..#..# .......
#####..##...# ....(..
..#######.....####..#
....... ........<.#####
...#....... ..##......#
##..#...... #..###...
#.##..... ## ###... .......


There were no monsters in sight!

Vanquished Creatures
  3 hippogriffs (D:7)
  Sigmund (D:5)
  A hungry ghost (D:7)
  An orc warrior (D:6)
  A black bear (D:7)
  2 necrophages (D:6)
  A phantom (D:5)
  3 centaurs
  An ogre (D:4)
  A crocodile (D:7)
  A bullfrog (D:7)
  A gnoll sergeant (D:7)
  4 water moccasin zombies (Ossuary)
  2 scorpions (D:6)
  4 wights (D:6)
  A howler monkey (D:7)
  A crimson imp (D:5)
  A bullfrog zombie (D:5)
  4 hounds
  An orc priest (D:6)
  A centaur skeleton (D:5)
  7 orc wizards
  A bullfrog skeleton (D:7)
  3 worker ants (D:5)
  4 big kobold zombies (Ossuary)
  A hound zombie (D:8)
  A hound skeleton (D:6)
  3 mummies
  A howler monkey zombie (D:5)
  7 adders
  9 gnolls
  3 shadow imps
  5 adder zombies (Ossuary)
  An adder skeleton (D:4)
  2 worms
  A dart slug (D:1)
  6 leopard geckos
  26 orcs
  2 giant cockroaches
  12 goblins
  6 hobgoblins
  10 jackals
  4 quokkas
  14 bats
  5 frilled lizards
  2 gnoll zombies (D:2)
  4 hobgoblin zombies
  A jackal skeleton (D:6)
  6 kobolds
  4 kobold zombies (Ossuary)
  3 orc zombies
  2 quokka skeletons
  A quokka zombie (D:5)
  8 rats
  A butterfly (D:7)
  A fungus (D:5)
203 creatures vanquished.

Vanquished Creatures (others)
  A gnoll (D:7)
  2 fungi (D:5)
  4 toadstools (D:5)
7 creatures vanquished.

Grand Total: 210 creatures vanquished

Notes
Turn   | Place    | Note
-------+----------+-------------------------------------------
     0 | D:1      | Rrauwl the Barachi Fighter began the quest for the Orb.
     0 | D:1      | Reached XP level 1. HP: 18/18 MP: 1/1
   188 | D:1      | Reached XP level 2. HP: 25/25 MP: 2/2
   292 | D:1      | Reached XP level 3. HP: 19/30 MP: 3/3
  1028 | D:2      | Reached XP level 4. HP: 34/37 MP: 4/4
  1151 | D:2      | Found an iron altar of Okawaru.
  1151 | D:2      | Found a sacrificial altar of Ru.
  1153 | D:2      | Found a hide-covered altar of Uskayaw.
  1159 | D:2      | Became a worshipper of Warmaster Okawaru
  1351 | D:2      | Reached XP level 5. HP: 42/42 MP: 5/5
  1497 | D:2      | Found a basalt altar of Yredelemnul.
  1575 | D:3      | Found a sparkling altar of Nemelex Xobeh.
  2455 | D:4      | Reached skill level 5 in Shields
  2466 | D:4      | Reached skill level 5 in Long Blades
  2711 | D:4      | Reached XP level 6. HP: 43/48 MP: 6/6
  3513 | D:5      | Entered Level 5 of the Dungeon
  3558 | D:5      | Noticed a phantom
  3574 | D:5      | Killed a phantom
  3574 | D:5      | Reached XP level 7. HP: 36/54 MP: 4/7
  3965 | D:5      | Found a runed gate.
  3965 | D:5      | Found a runed gate.
  3965 | D:5      | Found a runed gate.
  3966 | D:5      | Noticed Shaidar's ghost (novice DECj)
  3972 | D:5      | Reached * piety under Okawaru
  4114 | D:5      | Noticed Sigmund
  4176 | D:5      | Killed Sigmund
  4176 | D:5      | Reached XP level 8. HP: 49/60 MP: 6/8
  4726 | D:6      | Reached ** piety under Okawaru
  4956 | D:6      | HP: 3/60 [poisoned by a scorpion]
  4964 | D:6      | HP: 3/60 [poisoned by a scorpion]
  5192 | D:6      | Found a sand-covered staircase.
  5199 | Ossuary  | Entered an ossuary
  5527 | Ossuary  | Reached XP level 9. HP: 65/65 MP: 7/9
  5605 | Ossuary  | Gained mutation: You can translocate small distances at
                  | will. [potion of mutation]
  5605 | Ossuary  | Gained mutation: You are covered in fur. (AC +1) [potion of
                  | mutation]
  5889 | D:6      | Reached skill level 1 in Evocations
  6194 | D:6      | Reached skill level 1 in Invocations
  6400 | D:6      | Reached *** piety under Okawaru
  6642 | D:7      | Reached skill level 10 in Long Blades
  6643 | D:7      | Found a shattered altar of Ashenzari.
  6791 | D:7      | Found a staircase to the Ecumenical Temple.
  6796 | Temple   | Entered the Ecumenical Temple
  7388 | D:7      | Reached skill level 10 in Shields
  7671 | D:7      | Found a snail-covered altar of Cheibriados.
  7836 | D:8      | Noticed Maurice
  7898 | D:7      | Reached XP level 10. HP: 64/71 MP: 10/13
  8043 | D:8      | Killed from afar by Maurice

Vault maps used:
D:1:      matt_arrival_refuge
D:2:      lemuel_zombie_altar_yredelemnul, gammafunk_temple_overflow_claw
D:3:      nemelex_xobeh_ov_fountains_minmay, grunt_decor_arrowhead
D:4:      serial_bayou_lagoon_a
D:5:      ebering_ghost_rock_garden, first_ration, minmay_misc_feat_x,
          minmay_gold_behind_fungi, uniq_sigmund
D:6:      nicolae_ossuary_entry_giza
D:7:      evilmike_ruin_ashenzari, lemuel_coloured_pillars_altar,
          minmay_temple_entry_butterflies, serial_co_window_serial,
          co_window_paths_a, co_window_corner_a, co_window_paths_b,
          co_window_cross_1, co_window_paths_a, co_window_2corner,
          co_window_corner_ca, co_window_of_opportunity_b, co_window_corner_b,
          co_window_of_opportunity_c, co_window_4corner_b, co_window_paths_e,
          glass_columns_c, glass_columns_c
D:8:      basic_altar, uniq_maurice
Temple:   eino_wide_crystal_templ
Ossuary:  ossuary_tomb_2

Skill      XL: |  1  2  3  4  5  6  7  8  9 |
---------------+----------------------------+-----
Fighting       | 4 |  4.0
Armour         | 4 |  4.0
Long Blades    | 3 4 5 6 7 9 10 | 10.7
Shields        | 4 5 6 7 9 10 | 10.1
Evocations     | 4 |  4.0
Invocations    | 3 |  3.4

Action                   |  1- 3 |  4- 6 |  7- 9 | 10-12 || total
-------------------------+-------+-------+-------+-------++-------
Melee: Long sword        |   131 |   262 |   610 |    40 ||  1043
Throw: Javelin           |       |     1 |       |     2 ||     3
Evoke: Wand              |       |       |     9 |       ||     9
  Use: Potion            |       |     5 |    11 |     4 ||    20
       Scroll            |       |     3 |     7 |       ||    10
  Eat: Chunk             |     1 |     8 |    10 |     2 ||    21
       Ration            |       |     1 |     3 |       ||     4
Armor: Scale mail        |    84 |   113 |   113 |       ||   310
       Plate armour      |       |       |    90 |    23 ||   113
Dodge: Dodged            |    46 |    79 |   117 |     5 ||   247
Block: Shield            |    79 |   139 |   256 |    15 ||   489
       Rpst.: Long sword |    11 |    20 |    27 |     2 ||    60

Table legend:
 A = Non-vault XP
 B = Vault XP
 C = Vault XP percentage of total XP
 D = Non-vault monster count
 E = Vault monster count
 F = Vault count percentage of total count
                 A         B        C        D         E       F
            +---------+---------+-------+---------+---------+-------
      Total |    4036 |     734 |  15.4 |     171 |      30 |  14.9
            +---------+---------+-------+---------+---------+-------
        D:1 |      54 |       0 |   0.0 |      26 |       0 |   0.0
        D:2 |     112 |       3 |   2.6 |      29 |       2 |   6.5
        D:3 |      79 |       0 |   0.0 |      29 |       0 |   0.0
        D:4 |     255 |       0 |   0.0 |      11 |       0 |   0.0
        D:5 |     621 |     220 |  26.2 |      22 |       1 |   4.3
        D:6 |    1137 |      20 |   1.7 |      29 |       3 |   9.4
        D:7 |    1713 |       0 |   0.0 |      23 |       0 |   0.0
        D:8 |      65 |       0 |   0.0 |       2 |       0 |   0.0
    Ossuary |       0 |     491 | 100.0 |       0 |      24 | 100.0
            +---------+---------+-------+---------+---------+-------
